 Dungeon Sprint DCSS version 0.23-a0-295-g2e428d4 (webtiles) character file.

2008 Dissent the Impaler (level 9, -3/64 HPs)
             Began as a Formicid Fighter on Oct 4, 2018.
             Was an Elder of the Shining One.
             Slain by an eight-headed hydra (7 damage)
             ... in the Dungeon (Sprint IX: "|||||||||||||||||||||||||||||").
             The game lasted 00:02:27 (828 turns).

Dissent the Impaler (Formicid Fighter)               Turns: 828, Time: 00:02:28

Health: -3/64      AC: 12    Str: 24    XL:     9   Next: 46%
Magic:  15/19      EV:  6    Int: 10    God:    the Shining One [****..]
Gold:   15         SH: 21    Dex: 11    Spells: 8/8 levels left

rFire    . . .     SeeInvis +   n - +2 halberd (freeze)
rCold    . . .     Gourm    .   c - +0 shield
rNeg     + + .     Faith    .   k - +0 chain mail
rPois    .         Spirit   .   (helmet unavailable)
rElec    .         Reflect  .   (no cloak)
rCorr    .         Harm     .   (no gloves)
MR       .....                  m - +0 pair of boots
Stlth    ..........             (no amulet)
HPRegen  0.20/turn              p - +2 ring of protection
MPRegen  0.16/turn              q - +3 ring of intelligence

@: divine shield, glowing
A: permanent stasis, dig shafts and tunnels, four strong arms, antennae 3
a: Dig, Divine Shield, Cleansing Flame, Renounce Religion


You were in the Dungeon.
You worshipped the Shining One.
The Shining One was greatly pleased with you.
You were not hungry.

You visited 1 branch You collected 15 gold pieces.

Inventory:

Hand Weapons
 n - a +2 halberd of freezing (weapon)
   (You found it in the Dungeon)
Armour
 c - a +0 shield (worn)
 k - a +0 chain mail (worn)
   (You found it in the Dungeon)
 m - a +0 pair of boots (worn)
   (You found it in the Dungeon)
 o - a +0 plate armour
   (You found it in the Dungeon)
Jewellery
 p - a +2 ring of protection (left hand)
   (You found it in the Dungeon)
 q - a +3 ring of intelligence (right hand)
   (You found it in the Dungeon)
Wands
 x - a wand of acid (6)
   (You found it in the Dungeon)
Scrolls
 b - 3 scrolls of identify {@r1}
 d - 3 scrolls of remove curse {@r2}
 h - 4 scrolls of enchant armour
 j - a scroll of fog
 l - 2 scrolls of amnesia
Potions
 a - a potion of agility
 f - 5 potions of curing {@q1}
 g - 9 potions of heal wounds {@q2}
 i - 4 potions of magic
Comestibles
 e - a ration {!d}


   Skills:
 - Level 3.2 Fighting
 + Level 15.5 Polearms
 - Level 3.2 Armour
 - Level 3.6 Shields
 + Level 13.9 Invocations


You had 8 spell levels left.
You didn't know any spells.
Your spell library was empty.

Dungeon Overview and Level Annotations

Branches:
Dungeon (1/1)

Altars:
Cheibriados
Dithmenos
Elyvilon
Fedhas
Gozag
Hepliaklqana
Kikubaaqudgha
Makhleb
Nemelex Xobeh
Okawaru
Qazlal
Ru
Sif Muna
Trog
Uskayaw
Vehumet
Wu Jian
Xom
Yredelemnul
Zin
The Shining One
Beogh
Jiyva
Lugonu


Innate Abilities, Weirdness & Mutations

You cannot be hasted, slowed, berserked, paralysed or teleported.
You can dig through walls and to a lower floor.
Your four strong arms can wield two-handed weapons with a shield.
You have a pair of large antennae on your head. (SInv)


Message History

The water moccasin is splashed with acid.
The bolt of acid hits the hippogriff.
The hippogriff is splashed with acid.
The acid corrodes the hippogriff!
The spiny frog croaks.
The eight-headed hydra closely misses you.
The eight-headed hydra bites you!
The eight-headed hydra closely misses you.
You block the eight-headed hydra's attack.
The eight-headed hydra bites you. The eight-headed hydra bites you!
You block the eight-headed hydra's attack. x2
Aim: an eight-headed hydra (lightly wounded, covered in acid, haloed)
The bolt of acid hits the eight-headed hydra.
The eight-headed hydra is splashed with acid.
The acid corrodes the eight-headed hydra!
The bolt of acid hits the water moccasin.
The water moccasin is splashed with acid.
The bolt of acid hits the hippogriff.
The hippogriff is splashed with acid.
The acid corrodes the hippogriff!
You block the eight-headed hydra's attack.
The eight-headed hydra bites you.
* * * LOW HITPOINT WARNING * * *
You block the eight-headed hydra's attack.
The eight-headed hydra bites you but does no damage.
The eight-headed hydra bites you.
* * * LOW HITPOINT WARNING * * *
The eight-headed hydra bites you.
* * * LOW HITPOINT WARNING * * *
The eight-headed hydra bites you!
* * * LOW HITPOINT WARNING * * *
You block the eight-headed hydra's attack.
A porcupine comes into view.
Aim: an eight-headed hydra (heavily wounded, covered in acid, haloed)
The bolt of acid hits the eight-headed hydra.
The eight-headed hydra is splashed with acid.
The acid corrodes the eight-headed hydra!
The bolt of acid hits the water moccasin.
The water moccasin is splashed with acid.
You kill the water moccasin!
The bolt of acid hits the hippogriff.
The hippogriff is splashed with acid.
The acid corrodes the hippogriff!
You kill the hippogriff!
The eight-headed hydra bites you!
* * * LOW HITPOINT WARNING * * *
The eight-headed hydra bites you. The Shining One protects you from harm!
You block the eight-headed hydra's attack. x3
The eight-headed hydra bites you.
* * * LOW HITPOINT WARNING * * *
The eight-headed hydra bites you!
You die...

▓.▓.▓!▓
▓.▓.▓.▓
▓.▓.▓.▓
{
▓.▓.▓.▓
{
▓'▓.▓.▓
{
▓_▓.▓.▓
{
▓_▓.▓.▓
{
▓_▓.▓?▓
{
▓_▓.▓@▓
{
▓_▓.▓D▓
{
▓_▓.▓.▓
{
▓_▓.▓†▓
{
▓_▓.▓Y▓
{ {
▓_▓.▓F▓
{
▓_▓.▓r▓
{
▓_▓.▓.▓
▓_▓.▓ {


You could see an eight-headed hydra, a yak, a spiny frog and a porcupine.

Vanquished Creatures
  An unseen horror (D)
  A troll (D)
  A blink frog (D)
  2 hippogriffs (D)
  2 water moccasins (D)
  A porcupine (D)
  An orc warrior (D)
  A centaur (D)
  A bullfrog (D)
  A howler monkey (D)
  A crimson imp (D)
  An orc wizard (D)
  A jelly (D)
  3 worker ants (D)
  An adder (D)
  An adder zombie (D)
  An orc (D)
  A bat (D)
  A hobgoblin (D)
  A quokka (D)
  A frilled lizard (D)
  A kobold (D)
  A rat (D)
27 creatures vanquished.

Notes
Turn   | Place    | Note
-------+----------+-------------------------------------------
     0 | D        | Dissent the Formicid Fighter began the quest for the Orb.
     0 | D        | Reached XP level 1. HP: 18/18 MP: 1/1
    12 | D        | Reached skill level 3 in Polearms
    38 | D        | Noticed an orc wizard
    38 | D        | Noticed a worker ant
    38 | D        | Noticed a centaur
    38 | D        | Noticed a howler monkey
    44 | D        | Killed an orc wizard
    44 | D        | Reached skill level 6 in Polearms
    44 | D        | Reached XP level 2. HP: 24/24 MP: 2/2
    44 | D        | Reached XP level 3. HP: 29/29 MP: 3/3
    50 | D        | Reached skill level 7 in Polearms
    50 | D        | Reached XP level 4. HP: 22/35 MP: 4/4
    54 | D        | Killed a centaur
    54 | D        | Reached skill level 10 in Polearms
    54 | D        | Reached XP level 5. HP: 18/41 MP: 5/5
    98 | D        | Found a roughly hewn altar of Beogh.
    98 | D        | Found a snail-covered altar of Cheibriados.
    98 | D        | Found a shadowy altar of Dithmenos.
    98 | D        | Found a white marble altar of Elyvilon.
    98 | D        | Found a blossoming altar of Fedhas.
    98 | D        | Found an opulent altar of Gozag.
   104 | D        | Found a hazy altar of Hepliaklqana.
   105 | D        | Found a viscous altar of Jiyva.
   106 | D        | Found an ancient bone altar of Kikubaaqudgha.
   107 | D        | Found a corrupted altar of Lugonu.
   124 | D        | Found a burning altar of Makhleb.
   125 | D        | Found a sparkling altar of Nemelex Xobeh.
   150 | D        | Found an iron altar of Okawaru.
   166 | D        | Found a stormy altar of Qazlal.
   167 | D        | Found a sacrificial altar of Ru.
   231 | D        | Found a deep blue altar of Sif Muna.
   272 | D        | Found a bloodstained altar of Trog.
   373 | D        | Found a hide-covered altar of Uskayaw.
   374 | D        | Found a radiant altar of Vehumet.
   375 | D        | Found an ornate altar of the Wu Jian Council.
   376 | D        | Found a shimmering altar of Xom.
   377 | D        | Found a basalt altar of Yredelemnul.
   378 | D        | Found a glowing silver altar of Zin.
   379 | D        | Found a glowing golden altar of the Shining One.
   387 | D        | Became a worshipper of the Shining One
   397 | D        | Got the +1 broad axe "Leyqost" {chop, *Corrode rPois rF+}
   438 | D        | Noticed a bullfrog
   438 | D        | Reached * piety under the Shining One
   438 | D        | Noticed an unseen horror
   439 | D        | Killed a bullfrog
   439 | D        | Reached skill level 11 in Polearms
   439 | D        | Reached XP level 6. HP: 47/47 MP: 5/9
   444 | D        | Reached skill level 5 in Invocations
   451 | D        | Killed an unseen horror
   451 | D        | Reached skill level 13 in Polearms
   451 | D        | Reached skill level 10 in Invocations
   451 | D        | Reached XP level 7. HP: 41/52 MP: 6/14
   451 | D        | Reached XP level 8. HP: 46/58 MP: 6/15
   489 | D        | Reached ** piety under the Shining One
   489 | D        | Noticed a hippogriff
   489 | D        | Noticed a troll
   490 | D        | Reached *** piety under the Shining One
   500 | D        | Killed a hippogriff
   500 | D        | Reached skill level 14 in Polearms
   512 | D        | Killed a troll
   819 | D        | Noticed a blink frog
   819 | D        | Noticed an eight-headed hydra
   819 | D        | Noticed a hippogriff
   819 | D        | Reached **** piety under the Shining One
   821 | D        | Killed a blink frog
   821 | D        | Reached XP level 9. HP: 64/64 MP: 18/18
   822 | D        | Reached skill level 15 in Polearms
   825 | D        | Noticed a spiny frog
   828 | D        | Killed a hippogriff
   828 | D        | The Shining One protects you from harm!
   828 | D        | Slain by an eight-headed hydra

Vault maps used:
D:        linesprint

Skill      XL: |  1  2  3  4  5  6  7  8  9 |
---------------+----------------------------+-----
Polearms       | 6 7 10 11 13 14 15 | 15.5
Invocations    | 4 10 13 | 13.9
Fighting       | |  3.2
Armour         | |  3.2
Shields        | |  3.6

Action                   |  1- 3 |  4- 6 |  7- 9 || total
-------------------------+-------+-------+-------++-------
Melee: Trident           |    26 |     9 |       ||    35
       Halberd           |       |    12 |    28 ||    40
Invok: Divine Shield     |       |       |     1 ||     1
Evoke: Wand              |       |       |     4 ||     4
  Use: Potion            |     1 |       |       ||     1
Armor: Scale mail        |     7 |     4 |       ||    11
       Plate armour      |       |     4 |     7 ||    11
       Chain mail        |       |       |     2 ||     2
Dodge: Dodged            |     3 |     2 |    11 ||    16
Block: Shield            |    12 |    10 |    27 ||    49

Table legend:
 A = Non-vault XP
 B = Vault XP
 C = Vault XP percentage of total XP
 D = Non-vault monster count
 E = Vault monster count
 F = Vault count percentage of total count
                 A         B        C        D         E       F
            +---------+---------+-------+---------+---------+-------
      Total |       0 |    2869 | 100.0 |       0 |      27 | 100.0
            +---------+---------+-------+---------+---------+-------
          D |       0 |    2869 | 100.0 |       0 |      27 | 100.0
            +---------+---------+-------+---------+---------+-------
